 Dungeon Crawl Stone Soup version 0.31-a0-799-g6bc09d010c (webtiles) character file.

Game seed: 5421227309538602373

1890 Shayle the Trooper (level 9, -7/96 HPs)
             Began as an Ogre Hexslinger on Sept 19, 2023.
             Mangled by an orc warrior
             ... wielding a +0 battleaxe
              (9 damage)
             ... in a bailey.
             The game lasted 00:26:20 (8580 turns).

Shayle the Trooper (Ogre Hexslinger)                Turns: 8580, Time: 00:26:22

Health: -7/96      AC:  3    Str: 14    XL:     9   Next: 15%
Magic:  18/18      EV: 10    Int: 18    God:
Gold:   379        SH:  0    Dex: 14    Spells: 18/20 levels left

rFire   . . .        d - +6 dagger "Cobuodd" {heavy, Dex+3}
rCold   . . .        (no shield)
rNeg    . . .        c - +0 robe
rPois   .            (helmet restricted)
rElec   .            (no cloak)
rCorr   .            (gloves unavailable)
SInv    .            (boots unavailable)
Will    .....        (no amulet)
Stlth   +            (no ring)
HPRegen 0.36/turn    (no ring)
MPRegen 0.16/turn

%: no passive effects
@: weak-willed, invisible (expiring)
A: large, unfitting armour, tough skin 1
a: no special abilities


You were in a bailey.
You visited 1 branch of the dungeon, and saw 7 of its levels.
You also visited: Sewer, Ossuary and Bailey.

You collected 379 gold pieces.

Inventory:

Hand Weapons
 a - a +3 sling
 d - the +6 dagger "Cobuodd" (weapon) {heavy, Dex+3}
   (You found it on level 5 of the Dungeon)

   Dex+3:     It affects your dexterity (+3).
 i - the +4 glaive of Foolhardiness {pain, rElec rN+ Str-4 Dex+6}
   (You found it on level 2 of the Dungeon)

   Str-4:     It affects your strength (-4).
   Dex+6:     It affects your dexterity (+6).
   rElec:     It insulates you from electricity.
   rN+:       It protects you from negative energy.
Armour
 c - a +0 robe (worn)
Talismans
 h - a granite talisman
Wands
 f - a wand of flame (14)
 v - a wand of polymorph (5)
Scrolls
 s - a scroll of immolation
Potions
 g - 3 potions of curing
 j - 3 potions of cancellation
 o - 2 potions of might
 p - 2 potions of mutation
 q - 2 potions of magic
 r - 2 potions of brilliance
 w - a potion of attraction {unknown}
 z - a potion of haste {unknown}
 A - 2 potions of resistance {unknown}


   Skills:
 + Level 7.8 Fighting
 - Level 1.3 Ranged Weapons
 - Level 1.7 Dodging
 + Level 6.4 Spellcasting
 - Level 2.6 Hexes
 + Level 5.3 Fire Magic
 + Level 4.8 Shapeshifting


You had 18 spell levels left.
You knew the following spells:

 Your Spells              Type           Power      Damage    Failure   Level
a - Jinxbite              Hex            30%        N/A       6%          2

Your spell library contained the following spells:

 Spells                   Type           Power      Damage    Failure   Level
 Inner Flame              Hex/Fire       20%        N/A       7%          3
 Ensorcelled Hibernation  Hex/Ice        20%        N/A       10%         2
 Apportation              Tloc           10%        N/A       12%         1
 Magic Dart               Conj           20%        1d4       12%         1
 Sigil of Binding         Hex            15%        N/A       12%         3
 Searing Ray              Conj           10%        2d4       17%         2
 Cause Fear               Hex            7%         N/A       36%         4
 Anguish                  Hex/Necr       5%         N/A       54%         4
 Dimensional Bullseye     Hex/Tloc       5%         N/A       54%         4
 Fulminant Prism          Conj/Hex       5%         3d7       54%         4
 Alistair's Intoxication  Tmut/Pois      3%         N/A       97%         5


Dungeon Overview and Level Annotations

Branches:
Dungeon (7/15)             Temple (0/1) D:7           Sewer (visited)
Ossuary (visited)          Bailey (1/1)

Altars:
Hepliaklqana
Ru
Trog

Annotations:
D:4 3 runed translucent doors, Shayle's ghost, amateur OgHs


Innate Abilities, Weirdness & Mutations

You are too large for most types of armour.
You have tough skin. (AC +1)


Message History

The orc warrior hits you with a +0 hand axe.
You barely miss the orc warrior.
The orc warrior hits you with a +0 hand axe.
The orc warrior hits you with a +0 battleaxe!
The orc warrior closely misses you.
The orc warrior hits you with a +0 battleaxe!
You hit the orc warrior.
The orc warrior is lightly wounded.
A giggling sprite leaps out and smacks the orc warrior with its own hand.
The orc warrior is lightly wounded.
The jinxing sprites lose interest in you.
The orc warrior barely misses you. x2
You closely miss the orc warrior.
The orc warrior is lightly wounded.
The orc warrior hits you with a +0 hand axe.
The orc warrior hits you but does no damage.
The orc warrior barely misses you. The orc warrior completely misses you.
You puncture the orc warrior!
The orc warrior is heavily wounded.
The orc warrior seems less drained.
The orc warrior hits you with a +0 hand axe!
* * * LOW HITPOINT WARNING * * *
The orc warrior closely misses you.
You barely miss the orc warrior.
The orc warrior is heavily wounded.
The orc warrior hits you with a +0 hand axe!
* * * LOW HITPOINT WARNING * * *
The orc warrior closely misses you. x2
The orc warrior hits you with a +0 battleaxe!
* * * LOW HITPOINT WARNING * * *
Okay, then.
Okay, then.
Okay, then.
You feel better.
You flicker for a moment.
The orc warrior hits you with a +0 hand axe!
* * * LOW HITPOINT WARNING * * *
A goblin comes into view. It is wielding a +0 hand axe.
The orc warrior hits you with a +0 battleaxe!
You die...

#...........'.
#.....⌠..)..'.
#.....)..)..'.
#...........#.
###.........##.
###.###.))..###♣.
###.....#'#.### ♣♣
##.......).###
#.o@........#
#.)o........#
#.....⌠.....#
.o.o..'...........#
......#...........#
..g..###.........##
...## ###.....###
.# ###.### ###


You could see 2 orc warriors and a goblin (wandering, unable to see you).

Vanquished Creatures
  Menkaure (Ossuary)
  2 sky beasts (D:6)
  2 orc warriors (Bailey)
  A centaur (D:5)
  2 kobold brigands
  4 scorpions
  A killer bee (D:7)
  A howler monkey (D:6)
  5 hounds
  An orc priest (D:5)
  2 sleepcaps
  6 iguanas
  An orc wizard (D:5)
  3 mummies (Ossuary)
  5 gnolls
  10 adders
  5 river rats
  An ufetubus (D:7)
  A worm (D:3)
  3 dart slugs
  14 orcs
  10 ball pythons
  6 bats
  6 endoplasms
  5 giant cockroaches
  6 gnoll zombies (Ossuary)
  12 goblins
  13 hobgoblins
  4 jackals (D:3)
  35 kobolds
  5 quokkas
  3 frilled lizards
  5 gnoll skeletons (Ossuary)
  4 goblin skeletons (Ossuary)
  5 goblin zombies (Ossuary)
  2 hobgoblin skeletons (Ossuary)
  4 hobgoblin zombies (Ossuary)
  5 kobold skeletons (Ossuary)
  4 kobold zombies (Ossuary)
  4 orc skeletons (Ossuary)
  4 orc zombies (Ossuary)
  26 rats
  5 rat skeletons (Ossuary)
  2 rat zombies (Ossuary)
246 creatures vanquished.

Notes
Turn   | Place    | Note
-------+----------+-------------------------------------------
     0 | D:1      | Shayle the Ogre Hexslinger began the quest for the Orb.
     0 | D:1      | Reached XP level 1. HP: 19/19 MP: 2/2
    49 | D:1      | Reached skill level 1 in Fire Magic
   111 | D:1      | Reached skill level 2 in Fighting
   111 | D:1      | Reached XP level 2. HP: 28/28 MP: 4/4
   478 | D:1      | Reached XP level 3. HP: 34/36 MP: 6/6
  1023 | D:2      | Identified the +4 glaive of Foolhardiness {pain, rElec rN+
                  | Str-4 Dex+6}
  1114 | D:2      | Reached skill level 3 in Fighting
  1132 | D:2      | Reached XP level 4. HP: 26/45 MP: 7/7
  1329 | D:2      | Found a sacrificial altar of Ru.
  1520 | D:2      | Found a faded altar of an unknown god.
  1871 | D:3      | Reached skill level 1 in Shapeshifting
  1874 | D:3      | Reached XP level 5. HP: 14/53 MP: 9/9
  2199 | D:3      | Found a glowing drain.
  2203 | Sewer    | Entered a sewer
  2284 | Sewer    | Noticed a kobold brigand
  2293 | Sewer    | Killed a kobold brigand
  2294 | Sewer    | Reached skill level 4 in Fighting
  2294 | Sewer    | Reached XP level 6. HP: 43/62 MP: 9/11
  3910 | D:4      | Found a runed translucent gate.
  3913 | D:4      | Found a runed translucent gate.
  3953 | D:4      | Noticed a steam dragon
  3954 | D:4      | Found a runed translucent gate.
  3954 | D:4      | Noticed Shayle's ghost (amateur OgHs)
  4079 | D:4      | Found a sand-covered staircase.
  4088 | Ossuary  | Entered an ossuary
  4318 | Ossuary  | Reached XP level 7. HP: 71/71 MP: 12/12
  4432 | Ossuary  | Reached skill level 5 in Fighting
  4519 | Ossuary  | Noticed Menkaure
  4525 | Ossuary  | Killed Menkaure
  4862 | D:4      | Found a bloodstained altar of Trog.
  5009 | D:4      | Found a sacrificial altar of Ru.
  5325 | D:5      | Entered Level 5 of the Dungeon
  5325 | D:5      | Found a hazy altar of Hepliaklqana.
  5628 | D:6      | Reached skill level 6 in Fighting
  5628 | D:6      | Reached XP level 8. HP: 34/83 MP: 13/15
  5637 | D:6      | Reached skill level 5 in Spellcasting
  6222 | D:5      | Identified the +6 dagger "Cobuodd" {heavy, Dex+3}
  7025 | D:5      | Reached skill level 7 in Fighting
  7709 | D:7      | Found a staircase to the Ecumenical Temple.
  7751 | D:6      | Reached skill level 5 in Fire Magic
  8004 | D:7      | Reached XP level 9. HP: 93/93 MP: 18/18
  8047 | D:7      | Found a flagged portal.
  8063 | Bailey   | Entered a bailey
  8284 | Bailey   | Learned a level 2 spell: Jinxbite
  8309 | Bailey   | HP: 3/93 [orc warrior/+0 hand axe (14)]
  8579 | Bailey   | HP: 4/96 [orc warrior/+0 battleaxe (9)]
  8580 | Bailey   | Mangled by an orc warrior

Illustrated notes

Levels and vault maps discovered:
D:1:      lemuel_arrival_behind_the_door_small, layout_basic
D:2:      layout_loops_ring, basic_altar,
          hellmonk_ecumenical_altar_prayer_group, minmay_misc_feat_iff,
          st_stairs_2, minmay_cupped
D:3:      layout_basic, gup_sewer_entry_bowl
D:4:      layout_basic, mainiacjoe_overflow_chevrons, nicolae_ru_path_of_blood,
          enter_ossuary_1, gammafunk_ghost_split
D:5:      layout_rooms, overflow_temple_1_default, serial_glass,
          glass_columns_a, glass_columns_c, glass_columns_b, glass_columns_b,
          minmay_checkerbox
D:6:      layout_cave_pools
D:7:      layout_rooms, minmay_temple_entry_drinking_statues, enter_bailey_5
Bailey:   bailey_axe_minmay_hex_keep, bailey

Skill      XL: |  1  2  3  4  5  6  7  8 |
---------------+-------------------------+-----
Fire Magic     | 1 2 3 4 5 |  5.3
Fighting       | 2 3 4 6 7 |  7.8
Spellcasting   | 2 3 4 6 |  6.4
Shapeshifting  | 1 2 3 4 |  4.8
Ranged Weapons | |  1.3
Dodging        | |  1.7
Hexes          | |  2.6

Action                     |  1- 3 |  4- 6 |  7- 9 || total
---------------------------+-------+-------+-------++-------
  Melee: Glaive            |     8 |   268 |   149 ||   425
         Dagger            |       |       |    77 ||    77
   Fire: Sling             |   130 |       |    30 ||   160
  Throw: Large rock        |       |       |     2 ||     2
   Cast: Jinxbite          |       |       |     2 ||     2
  Evoke: Wand              |       |       |    17 ||    17
    Use: Scroll            |       |     5 |    19 ||    24
         Potion            |       |     1 |    10 ||    11
   Stab: Sleeping          |       |     2 |     1 ||     3
         Invisible         |       |       |     2 ||     2
 Armour: Robe              |    60 |   231 |   254 ||   545
         Skin              |       |       |    43 ||    43
  Dodge: Dodged            |    47 |   183 |   179 ||   409

Table legend: (Time is in decaauts)
 A = Elapsed time spent in this place.
 B = Non-inter-level travel time spent in this place.
 C = Inter-level travel time spent in this place.
 D = Time resting spent in this place.
 E = Time spent auto-exploring this place.
 F = Levels seen in this place.
 G = Mean time per level.
                   A        B        C        D        E       F      G
               +--------+--------+--------+--------+--------+-----+--------+
         Total |   8970 |   8765 |    205 |   2251 |   3852 |  10 |  897.0 |
       Dungeon |   6606 |   6401 |    205 |   1258 |   3454 |   7 |  943.7 |
         Sewer |   1164 |   1164 |      0 |    404 |    302 |   1 | 1164.0 |
       Ossuary |    669 |    669 |      0 |    157 |     96 |   1 |  669.0 |
        Bailey |    528 |    528 |      0 |    432 |      0 |   1 |  528.0 |
               +--------+--------+--------+--------+--------+-----+--------+

Top non-repeatable levels by time:
     D:4: 1483 daAuts
     D:6: 1356 daAuts
   Sewer: 1164 daAuts
     D:3: 1015 daAuts
     D:5: 951 daAuts
     D:2: 914 daAuts
     D:1: 778 daAuts
 Ossuary: 669 daAuts
  Bailey: 528 daAuts
     D:7: 107 daAuts
